 Dungeon Crawl Stone Soup version 0.26.1-2-gb8aa6d0cf2 (webtiles) character file.

Game seed: 4161273744554554103

73 hawla the Conjurer (level 4, -4/24 HPs)
             Began as a Deep Elf Conjurer on Feb 23, 2021.
             Slain by a river rat (8 damage)
             ... on level 3 of the Dungeon.
             The game lasted 00:04:49 (1976 turns).

hawla the Conjurer (Deep Elf Conjurer)              Turns: 1976, Time: 00:04:50

Health: -4/24      AC:  3    Str:  4    XL:     4   Next: 8%
Magic:  10/11      EV: 10    Int: 24    God:
Gold:   95         SH:  0    Dex: 13    Spells: 7/10 levels left

rFire    . . .     SeeInvis .   (no weapon)
rCold    . . .     Faith    .   (no shield)
rNeg     . . .     Spirit   .   a - +0 robe
rPois    .         Reflect  .   (no helmet)
rElec    .         Harm     .   e - +0 cloak
rCorr    .         Rampage  .   (no gloves)
Will     .....                  (no boots)
Stlth    +.........             i - amulet of regeneration
HPRegen  0.48/turn              (no ring)
MPRegen  0.12/turn              (no ring)

@: brilliant, constricted, very slow
A: no striking features
a: no special abilities


You were on level 3 of the Dungeon.
You visited 1 branch of the dungeon, and saw 3 of its levels.

You collected 95 gold pieces.

Inventory:

Armour
 a - a +0 robe (worn)
 e - a +0 cloak (worn)
Jewellery
 i - an amulet of regeneration (around neck)
Wands
 j - a wand of iceblast (10)
Scrolls
 c - a scroll of remove curse
 d - 4 scrolls of teleportation
 f - a scroll of enchant weapon
Potions
 b - 2 potions of brilliance


   Skills:
 + Level 0.9 Fighting
 + Level 3.0 Dodging
 + Level 2.8 Stealth
 + Level 3.5 Spellcasting
 + Level 4.6 Conjurations
 + Level 1.0 Translocations
 + Level 1.5 Fire Magic
 - Level 1.0 Evocations


You had 7 spell levels left.
You knew the following spells:

 Your Spells              Type           Power        Failure   Level
a - Magic Dart            Conj           100%         1%          1
b - Searing Ray           Conj           78%          2%          2

Your spell library contained the following spells:

 Spells                   Type           Power        Failure   Level
 Dazzling Flash           Conj/Hex       44%          12%         3
 Iskenderun's Mystic Bla  Conj/Tloc      26%          32%         4
 Fulminant Prism          Conj/Hex       11%          36%         4


Dungeon Overview and Level Annotations

Branches:
Dungeon (3/15)

Altars:
Elyvilon
Hepliaklqana

Portals:
Sewer: D:3


Message History

Found a glowing drain.
The river rat bites you.
There is a large open door here.
You enter the shallow water.
Moving in this stuff is going to be slow.
The giant cockroach splashes around in the water.
The ball python barely misses you. The ball python grabs you.
The ball python constricts you. The rat bites you but does no damage.
The river rat bites you.
* * * LOW HITPOINT WARNING * * *
The giant cockroach bites you but does no damage.
The ball python bites you but does no damage.
* * * LOW HITPOINT WARNING * * *
The ball python constricts you. The rat bites you.
* * * LOW HITPOINT WARNING * * *
It was a potion of brilliance.
You feel clever all of a sudden.
The river rat bites you but does no damage.
The giant cockroach barely misses you. The river rat bites you!
You die...

##### #≈≈≈#≈...#
#r∩r#≈≈≈.###
#≈@B#≈≈≈.#.###
#rS##≈...#...#
#≈rB≈≈≈..#.#.#
#≈.?.≈...#.#.####
#.≈......#'#....#
#............##.###
#######......##.#..
##.....##.#.#
##...###.#.#


You could see 3 river rats, 2 giant cockroaches, a ball python and a rat.

Vanquished Creatures
  Ijyb (D:3)
  2 dart slugs
  A leopard gecko (D:1)
  5 bats
  2 giant cockroaches
  3 goblins
  4 hobgoblins
  3 quokkas (D:3)
  2 ball pythons
  3 frilled lizards
  8 kobolds
  5 rats
39 creatures vanquished.

Vanquished Creatures (others)
  A plant (D:3)
1 creature vanquished.

Grand Total: 40 creatures vanquished

Notes
Turn   | Place    | Note
-------+----------+-------------------------------------------
     0 | D:1      | hawla the Deep Elf Conjurer began the quest for the Orb.
     0 | D:1      | Reached XP level 1. HP: 10/10 MP: 6/6
   343 | D:1      | Reached XP level 2. HP: 15/15 MP: 2/8
   627 | D:1      | Learned a level 2 spell: Searing Ray
  1096 | D:2      | Reached skill level 1 in Fire Magic
  1364 | D:2      | Reached XP level 3. HP: 20/20 MP: 5/9
  1573 | D:3      | Noticed Ijyb
  1578 | D:3      | Killed Ijyb
  1579 | D:3      | Reached skill level 1 in Translocations
  1714 | D:3      | Found a hazy altar of Hepliaklqana.
  1714 | D:3      | Found a white marble altar of Elyvilon.
  1815 | D:3      | Reached XP level 4. HP: 24/24 MP: 8/11
  1968 | D:3      | Reached skill level 1 in Evocations
  1973 | D:3      | Found a glowing drain.
  1976 | D:3      | Slain by a river rat

Illustrated notes

Levels and vault maps discovered:
D:1:      dpeg_cavernosity, layout_basic, st_stairs_2
D:2:      layout_loops_cross
D:3:      layout_basic, nicolae_overflow_hidden_temple, portal_sewer_entry_e,
          serial_bayou_pond_b, uniq_ijyb

Skill      XL: |  1  2  3  4 |
---------------+-------------+-----
Fire Magic     | 1 |  1.5
Translocations | 1 |  1.0
Dodging        | 3 |  3.0
Evocations     | 1 |  1.0
Fighting       | |  0.9
Stealth        | |  2.8
Spellcasting   | |  3.5
Conjurations   | |  4.6

Action                   |  1- 3 |  4- 6 || total
-------------------------+-------+-------++-------
Melee: Unarmed           |    14 |     1 ||    15
 Cast: Magic Dart        |    32 |     4 ||    36
       Searing Ray       |    16 |     2 ||    18
  Use: Scroll            |     5 |       ||     5
       Potion            |       |     1 ||     1
Armor: Robe              |     5 |     8 ||    13
Dodge: Dodged            |    21 |    15 ||    36
